 Dungeon Crawl Stone Soup version 0.20.0-7-g3b7b877 (webtiles) character file.

86 Jannitor the Firebug (level 4, -7/33 HPs)
             Began as a Draconian Fire Elementalist on May 29, 2017.
             Killed by nerve-wracking pain
             ... invoked by Jessica
              (14 damage)
             ... on level 3 of the Dungeon.
             The game lasted 00:05:29 (2117 turns).

Jannitor the Firebug (Draconian Fire Elementalist)  Turns: 2117, Time: 00:05:30

Health: -7/33      AC:  5    Str: 10    XL:     4   Next: 27%
Magic:  0/7        EV: 12    Int: 16    God:
Gold:   82         SH:  0    Dex: 12    Spells: 6/7 levels left

rFire    . . .     SeeInvis .   s - +3 spear
rCold    . . .     Gourm    .   (no shield)
rNeg     . . .     Faith    .   (armour unavailable)
rPois    .         Spirit   .   (helmet restricted)
rElec    .         Reflect  .   (no cloak)
rCorr    .         Harm     .   (no gloves)
MR       .....                  (no boots)
Stlth    ++........             (no amulet)
Regen    0.2/turn               (no ring)
MPRegen  0.1/turn               (no ring)

@: no status effects
A: unfitting armour, cold-blooded, AC +5
a: no special abilities


You were on level 3 of the Dungeon.
You were not hungry.

You visited 1 branch of the dungeon, and saw 3 of its levels.

You collected 82 gold pieces.

Inventory:

Hand Weapons
 p - a +0 short sword
 s - a +3 spear (weapon)
Armour
 t - a +0 buckler
Wands
 l - a wand of digging (11/24)
 o - a wand of confusion (15/48)
Scrolls
 c - 3 scrolls of identify {unknown}
 g - a scroll of enchant armour {unknown}
 i - 2 scrolls of remove curse {unknown}
 m - a scroll of enchant weapon {unknown}
 n - a scroll of amnesia {unknown}
 q - a scroll of random uselessness {unknown}
Potions
 d - 3 potions of might {unknown}
 e - 2 potions of curing {unknown}
 f - a potion of lignification {unknown}
 h - 3 potions of heal wounds {unknown}
 k - a potion of flight {unknown}
Books
 a - a book of Flames

   Spells                             Type                      Level
   a - Flame Tongue                   Conjuration/Fire             1
   b - Throw Flame                    Conjuration/Fire             2
   c - Conjure Flame                  Conjuration/Fire             3
   d - Inner Flame                    Hexes/Fire                   3
   e - Sticky Flame                   Conjuration/Fire             4
   f - Fireball                       Conjuration/Fire             5
Comestibles
 b - a bread ration
 j - a royal jelly
 r - a meat ration
 u - 2 chunks of flesh


   Skills:
 - Level 1.7 Dodging
 - Level 1.7 Stealth
 - Level 2.0 Spellcasting
 + Level 2.7 Conjurations
 + Level 4.3 Fire Magic


You had 6 spell levels left.
You knew the following spells:

 Your Spells              Type           Power        Failure   Level  Hunger
a - Flame Tongue          Conj/Fire      ##...        4%          1    #......


Dungeon Overview and Level Annotations

Branches:
Dungeon (3/15)

Altars:

Annotations:
D:3 Jessica


Innate Abilities, Weirdness & Mutations

Your plain brown scales are hard. (AC +5)
You cannot fit into any form of body armour.
You are cold-blooded and may be slowed by cold attacks.


Message History

A rat comes into view.
You closely miss Jessica.
Jessica is severely wounded.
Jessica hits you. Jessica hits you but does no damage.
You barely miss Jessica.
You tail-slap Jessica, but do no damage.
Jessica is severely wounded.
Jessica hits you.
* * * LOW HITPOINT WARNING * * *
The rat misses you.
You hit Jessica but do no damage.
Jessica is severely wounded.
Jessica barely misses you. The rat closely misses you.
Jessica hits you but does no damage.
You barely miss Jessica.
Jessica is severely wounded.
Jessica misses you. The rat barely misses you. Jessica casts a spell at you.
Pain shoots through your body!
You die...

# #)......###..# # #
#.#..........#.#.#
###.###.##.##.##........
##.......).##.##..#.....
##..###.#####.##).# ####
.. #.# #.##..# .. ..#
#.##..# ##. ...# #.##@.#
# .#.#### #[##@.# # ..
#.##r....... . #..
.....#### . ##.#### #.#
#.# #.# #.#


You could see Jessica and a rat.

Vanquished Creatures
  An adder (D:2)
  2 oozes (D:1)
  An adder skeleton (D:1)
  2 worms
  A dart slug (D:2)
  A leopard gecko (D:2)
  7 orcs
  4 bats
  A giant cockroach (D:1)
  3 goblins
  8 hobgoblins
  2 jackals (D:1)
  7 kobolds
  A ball python (D:1)
  2 frilled lizards
  6 rats
49 creatures vanquished.

Notes
Turn   | Place    | Note
-------+----------+-------------------------------------------
     0 | D:1      | Jannitor the Draconian Fire Elementalist began the quest for the Orb.
     0 | D:1      | Reached XP level 1. HP: 14/14 MP: 3/3
   254 | D:1      | Reached XP level 2. HP: 20/20 MP: 0/5
  1030 | D:1      | Reached XP level 3. HP: 26/26 MP: 4/6
  1379 | D:2      | Reached skill level 4 in Fire Magic
  1781 | D:2      | Reached XP level 4. HP: 31/33 MP: 3/7
  2099 | D:3      | Noticed Jessica
  2117 | D:3      | Killed from afar by Jessica

Skill      XL: |  1  2  3 |
---------------+----------+-----
Conjurations   | 2 |  2.7
Fire Magic     | 4 |  4.3
Dodging        | |  1.7
Stealth        | |  1.7
Spellcasting   | |  2.0

Action                   |  1- 3 |  4- 6 || total
-------------------------+-------+-------++-------
Melee: Unarmed           |     3 |       ||     3
       Spear             |       |     6 ||     6
       Tailslap          |       |     1 ||     1
 Cast: Flame Tongue      |    70 |    24 ||    94
  Eat: Chunk             |     4 |     1 ||     5
Armor: Skin              |     8 |     5 ||    13
Dodge: Dodged            |    19 |    11 ||    30
